 Dungeon Crawl Stone Soup version 0.29.1-15-g9cfb28693d (webtiles) character file.

Game seed: 1268043798777675727

1309 andymacsa4 the Skirmisher (level 8, -6/70 HPs)
             Began as a Minotaur Hunter on Mar 16, 2023.
             Killed by an exploding centaur zombie (20 damage)
             ... ignited by their inner flame
             ... in an ossuary on Mar 20, 2023.
             The game lasted 01:12:38 (4041 turns).

andymacsa4 the Skirmisher (Minotaur Hunter)         Turns: 4041, Time: 01:12:39

Health: -6/70      AC:  9    Str: 15    XL:     8   Next: 32%
Magic:  7/7        EV: 11    Int:  6    God:
Gold:   363        SH:  0    Dex: 17    Spells: 7/7 levels left

rFire   . . .      SeeInvis .   a - +2 shortbow (venom)
rCold   . . .      Faith    .   (shield currently unavailable)
rNeg    + . .      Spirit   .   n - +2 ring mail
rPois   .          Reflect  .   (helmet restricted)
rElec   .          Harm     .   (no cloak)
rCorr   .          Rampage  .   m - +0 pair of gloves
Will    .....                   (no boots)
Stlth   +.........              j - amulet of regeneration
HPRegen 1.01/turn               o - ring of positive energy
MPRegen 0.10/turn               (no ring)

@: marked
A: horns 2, retaliatory headbutt
a: no special abilities


You were in an ossuary.
You visited 1 branch of the dungeon, and saw 5 of its levels.
You also visited: Ossuary.

You collected 363 gold pieces.

Inventory:

Hand Weapons
 a - a +2 shortbow of venom (weapon)
 d - a +0 short sword
 g - a +0 scythe
 h - a +0 short sword
 k - a +0 club
 s - a +4 hand axe
Missiles
 e - 78 stones
 y - 2 poisoned darts
Armour
 c - a +0 leather armour
 l - a +1 robe of the Archmagi
 m - a +0 pair of gloves (worn)
 n - a +2 ring mail (worn)
Jewellery
 j - an amulet of regeneration (around neck)
 o - a ring of positive energy (left hand)
 x - a ring of protection from cold
Wands
 i - a wand of flame (12)
 u - a wand of digging (3)
Scrolls
 q - a scroll of teleportation
 t - a scroll of enchant armour
 A - a scroll of enchant weapon
 B - 2 scrolls of identify
Potions
 f - a potion of cancellation
 p - a potion of curing
 r - a potion of flight
 v - a potion of berserk rage
 w - a potion of heal wounds
 z - a potion of lignification


   Skills:
 + Level 5.8 Fighting
 + Level 0.1 Axes
 + Level 10.1 Ranged Weapons
 + Level 3.9 Armour
 + Level 2.6 Dodging
 + Level 1.0 Stealth


You had 7 spell levels left.
You didn't know any spells.
Your spell library contained the following spells:

 Spells                   Type           Power      Damage    Failure   Level
 Necrotise                Necr           0%         1d4       67%         1
 Sandblast                Erth           0%         2d4       67%         1
 Passwall                 Tmut/Erth      0%         N/A       80%         2
 Sublimation of Blood     Necr           0%         N/A       80%         2
 Stone Arrow              Conj/Erth      0%         3d7       95%         3
 Vampiric Draining        Necr           0%         2d6       95%         3
 Animate Dead             Necr           0%         N/A       100%        4


Dungeon Overview and Level Annotations

Branches:
Dungeon (5/15)            Ossuary (1/1)
 Temple: D:4-7

Altars:
Kikubaaqudgha
Ru


Innate Abilities, Weirdness & Mutations

You have a pair of horns on your head.
You reflexively headbutt those who attack you in melee.


Message History

The centaur zombie explodes!
The fiery explosion engulfs you!
* * * LOW HITPOINT WARNING * * *
Your Ranged Weapons skill increases to level 10!
Okay, then.
The centaur zombie is engulfed in blazing flames.
Flame seeps out of the centaur zombie.
The centaur zombie is engulfed in blazing flames.
Flame seeps out of the centaur zombie.
The centaur zombie is engulfed in blazing flames.
Flame seeps out of the centaur zombie.
The centaur zombie is engulfed in blazing flames.
Flame seeps out of the centaur zombie.
The centaur zombie is engulfed in blazing flames.
Flame seeps out of the centaur zombie.
Fire: a) +2 shortbow (venom)
Press: ? - help, Q - select action, (/) - cycle Shift-Dir - straight line, f - centaur zombie
Aim: a centaur zombie (almost destroyed, inner flame, 91% to hit)
Okay, then.
The jackal zombie is engulfed in blazing flames.
The jackal zombie explodes!
The centaur zombie is engulfed in blazing flames.
Flame seeps out of the centaur zombie.
You feel a bit more experienced.
You hear an explosion!
You feel a bit more experienced. x2
You hear an explosion!
You feel a bit more experienced.
You hear an explosion!
The centaur zombie attacks as you move away!
The centaur zombie hits you.
* * * LOW HITPOINT WARNING * * *
The centaur zombie barely misses you. x2
The centaur zombie kicks you but does no damage.
The centaur zombie attacks as you move away!
The centaur zombie closely misses you. You furiously retaliate!
You headbutt the centaur zombie.
The centaur zombie explodes!
The fiery explosion engulfs you!!
You die...

#...# ....+####..
#...# #.∩.....#..
#...# #.......#..
#...# #.......#..
#...#.####..Z....#..
#...#ZZ...ZZM..Z.#..
#...# #ZM# #.. #...#
#Z.# #.. #.§@# #..#
#..
#.§§######ZM######..
#.§Z§...............
#........8..8.......
#...................
#...................
####################


You could see a centaur zombie (inner flame).

Vanquished Creatures
  Grinder (D:4)
  Sigmund (D:2)
  Eustachio (D:4)
  2 black bears
  An elf zombie (Ossuary)
  Blork the orc (D:4)
  A hound (D:5)
  2 centaur zombies (Ossuary)
  A jelly (D:4)
  Jessica (D:2)
  Natasha (thrice) (D:3)
  2 iguanas
  2 orc wizards (D:5)
  2 mummies (Ossuary)
  3 gnolls (D:4)
  5 adders
  2 dart slugs
  17 orcs
  10 endoplasms
  3 giant cockroaches
  4 goblins
  7 hobgoblins
  3 jackals (D:3)
  8 kobolds
  A quokka (D:5)
  5 ball pythons
  7 bats
  2 frilled lizards
  7 hobgoblin zombies (Ossuary)
  2 jackal zombies (Ossuary)
  8 kobold zombies (Ossuary)
  7 orc zombies (Ossuary)
  4 rats
  A rat zombie (Ossuary)
127 creatures vanquished.

Notes
Turn   | Place    | Note
-------+----------+-------------------------------------------
     0 | D:1      | andymacsa4 the Minotaur Hunter began the quest for the Orb.
     0 | D:1      | Reached XP level 1. HP: 18/18 MP: 0/0
   263 | D:1      | Reached XP level 2. HP: 25/25 MP: 1/1
   493 | D:1      | Found a faded altar of an unknown god.
   502 | D:1      | Prayed at the altar of an unknown god.
   502 | D:1      | Became a worshipper of Kikubaaqudgha
   502 | D:1      | Reached * piety under Kikubaaqudgha
   502 | D:1      | Received a gift from Kikubaaqudgha
   530 | D:1      | Fell from the grace of Kikubaaqudgha
   686 | D:1      | Reached skill level 5 in Ranged Weapons
  1098 | D:2      | Noticed Jessica
  1111 | D:2      | Killed Jessica
  1112 | D:2      | Reached skill level 1 in Armour
  1112 | D:2      | Reached XP level 3. HP: 20/30 MP: 2/2
  1464 | D:2      | Noticed Sigmund
  1470 | D:2      | Killed Sigmund
  1471 | D:2      | Reached skill level 6 in Ranged Weapons
  1471 | D:2      | Reached XP level 4. HP: 20/38 MP: 3/3
  1471 | D:2      | Reached XP level 5. HP: 24/45 MP: 4/4
  2023 | D:3      | Found a sacrificial altar of Ru.
  2065 | D:3      | Noticed Natasha
  2077 | D:3      | Killed Natasha
  2078 | D:3      | Reached skill level 7 in Ranged Weapons
  2138 | D:3      | Noticed Natasha
  2142 | D:3      | Killed Natasha
  2143 | D:3      | Reached XP level 6. HP: 52/52 MP: 5/5
  2329 | D:3      | Noticed Natasha
  2332 | D:3      | Killed Natasha
  2832 | D:4      | Reached skill level 8 in Ranged Weapons
  2832 | D:4      | Reached skill level 1 in Stealth
  2832 | D:4      | Reached XP level 7. HP: 58/59 MP: 6/6
  3027 | D:4      | Noticed Blork the orc
  3036 | D:4      | Killed Blork the orc
  3136 | D:4      | Noticed Grinder
  3140 | D:4      | Paralysed by Grinder for 2 turns
  3149 | D:4      | Paralysed by Grinder for 5 turns
  3150 | D:4      | Killed Grinder
  3151 | D:4      | Reached skill level 9 in Ranged Weapons
  3305 | D:4      | Noticed Eustachio
  3319 | D:4      | Killed Eustachio
  3320 | D:4      | Reached skill level 5 in Fighting
  3396 | D:5      | Entered Level 5 of the Dungeon
  3742 | D:5      | Reached XP level 8. HP: 66/68 MP: 7/7
  3877 | D:5      | Found a sand-covered staircase.
  3887 | Ossuary  | Entered an ossuary
  4036 | Ossuary  | Reached skill level 10 in Ranged Weapons
  4041 | Ossuary  | Killed by an exploding centaur zombie... ignited by their
                  | inner flame

Illustrated notes

Levels and vault maps discovered:
D:1:      shiori_arrival_oz, layout_basic, ebering_ecumenical_altar_mist
D:2:      layout_basic, uniq_sigmund, uniq_jessica
D:3:      kennysheep_six_static_rooms, layout_basic, nicolae_ru_awakened_eye,
          uniq_natasha
D:4:      layout_loops_ring, uniq_eustachio, uniq_blork_the_orc, uniq_grinder
D:5:      layout_loops_corners, nicolae_ossuary_entry_ruins, fountainhead
Ossuary:  ossuary_tomb_1

Skill      XL: |  1  2  3  4  5  6  7  8 |
---------------+-------------------------+-----
Ranged Weapons | 5 6 7 8 9 10 | 10.1
Armour         | 1 2 3 |  3.9
Fighting       | 3 4 5 |  5.8
Stealth        | 1 |  1.0
Axes           | |  0.1
Dodging        | |  2.6

Action                   |  1- 3 |  4- 6 |  7- 9 || total
-------------------------+-------+-------+-------++-------
Melee: Shortbow          |       |       |     4 ||     4
       Headbutt          |       |       |     2 ||     2
       Hand axe          |       |       |     1 ||     1
 Fire: Shortbow          |    70 |    94 |   135 ||   299
Invok: Renounce Religion |     1 |       |       ||     1
  Use: Potion            |     2 |       |       ||     2
       Scroll            |     4 |     7 |     7 ||    18
Armor: Leather armour    |     4 |       |       ||     4
       Plate armour      |     7 |       |       ||     7
       Ring mail         |     6 |    16 |    31 ||    53
Dodge: Dodged            |    15 |    17 |    31 ||    63
